 Dungeon Crawl Stone Soup version 0.23.0-3-gf3c87f2 (webtiles) character file.

Game seed: 4965876014982496730

5208 Borgoz the Covert (level 10, 0/84 HPs)
             Began as a Ghoul Monk on Feb 22, 2019.
             Killed from afar by a manticore (13 damage)
             ... with a volley of spikes
             ... on level 9 of the Dungeon.
             The game lasted 00:24:53 (11952 turns).

Borgoz the Covert (Ghoul Monk)                     Turns: 11952, Time: 00:24:54

Health: 0/84       AC: 11    Str: 16    XL:     10   Next: 60%
Magic:  9/9        EV: 21    Int:  7    God:
Gold:   596        SH:  0    Dex: 12    Spells: 9/9 levels left

rFire    . . .     SeeInvis .   a - +1 dagger (venom)
rCold    + . .     Gourm    .   (no shield)
rNeg     + + +     Faith    .   h - +1 ring mail
rPois    ∞         Spirit   .   F - +2 hat
rElec    .         Reflect  .   (no cloak)
rCorr    .         Harm     .   y - +0 pair of gloves
MR       .....                  e - +0 pair of boots
Stlth    +++.......             (no amulet)
HPRegen  0.00/turn              q - +3 ring of evasion
MPRegen  0.11/turn              v - +4 ring of evasion

@: barbed spikes, rotting
A: rotting body, claws 1, carnivore, cold resistance 1, negative energy
resistance 3, inhibited regeneration, torment resistance, unbreathing
a: no special abilities


You were on level 9 of the Dungeon.
You were hungry.

You visited 2 branches of the dungeon, and saw 10 of its levels.
You also visited: Sewer.

You collected 596 gold pieces.

Inventory:

Hand Weapons
 a - a +1 dagger of venom (weapon)
 b - a +0 blowgun
Missiles
 g - 55 poisoned needles
Armour
 e - a +0 pair of boots (worn)
 h - a +1 ring mail (worn)
 y - a +0 pair of gloves (worn)
 z - a +0 buckler
 F - a +2 hat (worn)
Jewellery
 q - a +3 ring of evasion (left hand)
 v - a +4 ring of evasion (right hand)
 B - an uncursed ring of stealth {unknown}
 D - an uncursed ring of fire
 G - a +2 ring of dexterity {unknown}
Wands
 p - a wand of acid (8)
 u - a wand of random effects (22)
 w - a wand of polymorph (8)
 C - a wand of digging (5)
 H - a wand of paralysis (10)
Scrolls
 d - 5 scrolls of enchant armour
 i - 8 scrolls of remove curse
 j - a scroll of fear
 l - 3 scrolls of magic mapping
 m - 4 scrolls of identify
 r - 2 scrolls of blinking
 x - 5 scrolls of teleportation
 A - a scroll of enchant weapon {unknown}
 E - a scroll of immolation {unknown}
 I - a scroll of vulnerability {unknown}
Potions
 f - 6 potions of flight
 k - a potion of magic
 o - a potion of curing
 s - a potion of mutation
Comestibles
 c - 14 rations
 n - 10 chunks of flesh


   Skills:
 + Level 6.6 Fighting
 * Level 7.6 Short Blades
 + Level 2.1 Throwing
 + Level 4.6 Armour
 * Level 7.5 Dodging
 * Level 9.3 Stealth


You had 9 spell levels left.
You didn't know any spells.
Your spell library contained the following spells:

 Spells                   Type           Power        Failure   Level  Hunger
 Summon Small Mammal      Summ           #...         63%         1    ##.....
 Call Imp                 Summ           #.......     77%         2    ###....
 Call Canine Familiar     Summ           #.......     94%         3    ####...
 Summon Guardian Golem    Hex/Summ       #.......     94%         3    ####...
 Summon Ice Beast         Ice/Summ       #.......     100%        4    #####..
 Summon Lightning Spire   Summ/Air       #.......     100%        4    #####..


Dungeon Overview and Level Annotations

Branches:
Dungeon (9/15)             Temple (1/1) D:6
   Lair: D:8-11         Orc: D:9-12

Altars:
Ashenzari
Cheibriados
Dithmenos
Elyvilon
Fedhas
Gozag
Hepliaklqana
Kikubaaqudgha
Makhleb
Nemelex Xobeh
Okawaru
Qazlal
Ru
Sif Muna
Trog
Uskayaw
Vehumet
Wu Jian
Xom
Yredelemnul
Zin
The Shining One


Innate Abilities, Weirdness & Mutations

Your body is rotting away.
You thrive on raw meat.
You are immune to poison.
You have sharp fingernails.
You are carnivorous and can eat meat at any time.
Your flesh is cold resistant. (rC+)
You are immune to negative energy. (rN+++)
You do not regenerate when monsters are visible.
You are immune to unholy pain and torment.
You can survive without breathing.


Message History

The manticore is moderately wounded.
The manticore completely misses you. The manticore claws you!
The manticore completely misses you.
You hit the manticore but do no damage.
The manticore looks as sick as possible!
The manticore is moderately wounded.
You completely miss the manticore.
The manticore is moderately wounded.
The manticore barely misses you. The manticore closely misses you.
The manticore claws you.
You hit the manticore.
The manticore looks as sick as possible!
The manticore is heavily wounded.
The manticore bites you!
* * * LOW HITPOINT WARNING * * *
The manticore misses you. The manticore completely misses you.
The manticore flicks its tail.
The volley of spikes hits you!
The barbed spikes become lodged in your body.
You die...

+...###..##[.#..##..#
###....(.....#......#
###..##............##
.....##.#......#....#
##.............#..#.#
#....##.#.........#.#
....................##
#.#...#.#............#
#.#...#.#...)###@###.#
#.#..........###.# .#
#.#######..>...H.###.#
#'#### #.###....(...#
.....####.###'########
.................#
.....)...........#
####.............#
####.............#


You could see a manticore.

Vanquished Creatures
  Erica (D:8)
  Joseph (D:7)
  A hornet (D:9)
  A hippogriff (D:9)
  Duvessa (D:5)
  A sky beast (D:6)
  4 orc warriors
  2 ice beasts
  A necrophage (D:9)
  2 ogres
  A phantom (D:6)
  6 centaurs
  A big kobold (D:8)
  5 bullfrogs
  Dowan (D:5)
  2 scorpions
  2 killer bees (D:8)
  13 wights
  4 crimson imps
  3 jellies
  A quasit (D:8)
  5 hounds
  3 orc priests
  2 bullfrog skeletons
  2 orc wizards
  An iron imp (D:8)
  2 iguanas
  Natasha (twice) (D:3)
  3 worker ants
  A worker ant zombie (D:9)
  8 gnolls
  10 adders
  2 river rats (D:5)
  A shadow imp (D:9)
  3 oozes (Sewer)
  An adder zombie (D:6)
  6 worms
  3 dart slugs
  7 leopard geckos
  20 orcs
  8 giant cockroaches
  6 goblins
  5 hobgoblins
  23 jackals
  5 quokkas
  A ball python (Sewer)
  17 bats
  10 frilled lizards
  A goblin zombie (D:8)
  A hobgoblin zombie (D:8)
  10 kobolds
  3 kobold skeletons (D:8)
  3 orc zombies (D:8)
  2 quokka skeletons (D:6)
  2 quokka zombies
  10 rats
243 creatures vanquished.

Notes
Turn   | Place    | Note
-------+----------+-------------------------------------------
     0 | D:1      | Borgoz the Ghoul Monk began the quest for the Orb.
     0 | D:1      | Reached XP level 1. HP: 19/19 MP: 0/0
   165 | D:1      | Reached XP level 2. HP: 26/26 MP: 1/1
   603 | D:1      | Reached XP level 3. HP: 30/30 MP: 2/2
  1039 | D:2      | Reached skill level 3 in Stealth
  1062 | D:2      | Reached XP level 4. HP: 33/38 MP: 3/3
  1065 | D:2      | Reached skill level 1 in Armour
  1677 | D:3      | Found a radiant altar of Vehumet.
  1697 | D:3      | Reached XP level 5. HP: 36/46 MP: 4/4
  2238 | D:3      | Noticed Natasha
  2248 | D:3      | Killed Natasha
  2255 | D:3      | Reached skill level 4 in Stealth
  2316 | D:3      | Noticed Natasha
  2329 | D:3      | Killed Natasha
  2329 | D:3      | Reached XP level 6. HP: 42/52 MP: 5/5
  2845 | D:4      | Found a burning altar of Makhleb.
  3173 | D:5      | Entered Level 5 of the Dungeon
  3262 | D:5      | Found a glowing drain.
  3318 | Sewer    | Entered a sewer
  3871 | D:5      | Reached XP level 7. HP: 56/59 MP: 6/6
  3970 | D:5      | Noticed Duvessa
  3974 | D:5      | Noticed Dowan
  3986 | D:5      | Killed Duvessa
  3986 | D:5      | Reached skill level 5 in Stealth
  4016 | D:5      | Killed Dowan
  4367 | D:5      | Reached XP level 8. HP: 62/67 MP: 7/7
  6304 | D:6      | Reached skill level 5 in Short Blades
  6484 | D:6      | Reached skill level 5 in Dodging
  6484 | D:6      | Reached skill level 6 in Stealth
  6647 | D:6      | Reached skill level 5 in Fighting
  7609 | D:6      | Reached skill level 7 in Stealth
  7609 | D:6      | Reached XP level 9. HP: 53/73 MP: 8/8
  7712 | D:6      | Found a staircase to the Ecumenical Temple.
  7734 | Temple   | Entered the Ecumenical Temple
  8786 | D:7      | Noticed Joseph
  8814 | D:7      | Killed Joseph
  9350 | D:7      | Reached skill level 8 in Stealth
  9752 | D:8      | Noticed Erica
  9756 | D:8      | Killed Erica
  9756 | D:8      | Reached skill level 1 in Throwing
  9756 | D:8      | Reached XP level 10. HP: 83/83 MP: 9/9
  9942 | D:8      | Found a glowing golden altar of the Shining One.
  9974 | D:8      | Found a stormy altar of Qazlal.
 10128 | D:8      | Found a glowing golden altar of the Shining One.
 10987 | D:9      | Found a hide-covered altar of Uskayaw.
 10987 | D:9      | Found a shadowy altar of Dithmenos.
 10987 | D:9      | Found a shattered altar of Ashenzari.
 11010 | D:9      | Reached skill level 9 in Stealth
 11308 | D:9      | Found a hazy altar of Hepliaklqana.
 11308 | D:9      | Found a sacrificial altar of Ru.
 11309 | D:9      | Found a white marble altar of Elyvilon.
 11324 | D:9      | Noticed a manticore
 11952 | D:9      | Killed from afar by a manticore

Skill      XL: |  1  2  3  4  5  6  7  8  9 10 |
---------------+-------------------------------+-----
Short Blades   | 3 4 5 7 |  7.6
Dodging        | 3 4 5 7 |  7.5
Stealth        | 3 4 5 7 8 9 |  9.3
Armour         | 1 2 3 4 |  4.6
Fighting       | 4 5 6 |  6.6
Throwing       | 1 2 |  2.1

Action                   |  1- 3 |  4- 6 |  7- 9 | 10-12 || total
-------------------------+-------+-------+-------+-------++-------
Melee: Dagger            |    79 |   329 |   769 |   509 ||  1686
       Short sword       |     2 |       |       |       ||     2
Evoke: Wand              |       |       |     1 |       ||     1
  Use: Scroll            |     4 |     7 |     3 |     1 ||    15
       Potion            |       |       |     3 |     6 ||     9
 Stab: Sleeping          |     1 |     4 |     9 |     6 ||    20
       Distracted        |       |       |     1 |     1 ||     2
  Eat: Chunk             |     3 |    12 |    33 |     4 ||    52
       Ration            |       |       |     2 |       ||     2
Armor: Robe              |     4 |       |       |       ||     4
       Ring mail         |    26 |   102 |    74 |    86 ||   288
Dodge: Dodged            |    56 |   290 |   461 |   400 ||  1207
